 Dungeon Crawl Stone Soup version 0.18-a0-750-g37044d6 (webtiles) character file.

160984 AnCiEnTIStOnEIBeAsT the Black Belt (level 17, -10/125 HPs)
             Began as an Octopode Transmuter on Dec 12, 2015.
             Was the Champion of Makhleb.
             Engulfed by a ghost crab's spectral mist (17 damage)
             ... on level 3 of the Swamp.
             The game lasted 02:28:19 (34971 turns).

AnCiEnTIStOnEIBeAsT the Black Belt (OpTm)          Turns: 34971, Time: 02:28:19

Health: -10/125    AC:  4    Str: 15    XL:     17   Next: 77%
Magic:  34/36      EV: 29    Int: 20    God:    Makhleb [******]
Gold:   2325       SH:  0    Dex: 21    Spells: 6 memorised, 0 levels left

rFire  . . .     SeeInvis +     S - staff of wizardry
rCold  + . .     Clarity  +     (no shield)
rNeg   + + .     SustAt   .     (helmet restricted)
rPois  +         Gourm    .     X - amulet of clarity
rElec  .         Spirit   .     a - ring of the Octopus King {AC+1 EV+1 Str+1 Int+1 Dex+1 SInv}
rCorr  .         Dismiss  .     j - +3 ring of dexterity
rMut   .         Stasis   .     y - ring of magical power
MR     +....                    T - +5 ring of strength
Stlth  +++.......               k - ring of poison resistance
                                g - ring of ice
                                q - ring of positive energy
                                b - ring "Zeesikeo" {rF+ rN+ Int+3}

@: about to teleport, very slightly contaminated, drained, somewhat resistant to
hostile enchantments, fairly stealthy
A: almost no armour, amphibious, 8 rings, constrict 8, antennae 2, fangs 1,
tentacle spike 2, slimy green scales 1, camouflage 1, berserk 1, robust 1, weak
1, gelatinous body 1
a: Minor Destruction, Lesser Servant of Makhleb, Major Destruction, Greater
Servant of Makhleb, Renounce Religion


You were on level 3 of the Swamp.
You worshipped Makhleb.
Makhleb was exalted by your worship.
You were not hungry.

You visited 5 branches of the dungeon, and saw 32 of its levels.
You visited the Abyss 1 time.
You also visited: Labyrinth, Sewer, Ice Cave and Volcano.

You collected 3737 gold pieces.
You spent 1412 gold pieces at shops.

Inventory:

Missiles
 W - 4 throwing nets (quivered)
Magical Staves
 S - an uncursed staff of wizardry (weapon)
Jewellery
 a - a ring of the Octopus King (left tentacle) {AC+1 EV+1 Str+1 Int+1 Dex+1 SInv}
   (You found it on level 1 of the Swamp)

   [ring of see invisible]

   It affects your AC (+1).
   It affects your evasion (+1).
   It affects your strength (+1).
   It affects your intelligence (+1).
   It affects your dexterity (+1).
   It lets you see invisible.
 b - the ring "Zeesikeo" (on tentacle) {rF+ rN+ Int+3}
   (You bought it in a shop on level 2 of the Orcish Mines)

   [ring of positive energy]

   It affects your intelligence (+3).
   It protects you from fire.
   It protects you from negative energy.
 g - a ring of ice (on tentacle)
 j - a +3 ring of dexterity (right tentacle)
 k - a ring of poison resistance (on tentacle)
 p - an uncursed amulet of resist corrosion
 q - a ring of positive energy (on tentacle)
 y - a ring of magical power (on tentacle)
 H - an uncursed ring of flight
 N - the ring of Linearity {Fire rElec Int+7 Slay-2 SInv}
   (You found it on level 6 of the Dungeon)

   [ring of fire]

   It enhances your fire magic, and weakens your ice magic.
   It affects your intelligence (+7).
   It affects your accuracy and damage with ranged weapons and melee attacks
   (-2).
   It protects you from fire.
   It makes you vulnerable to cold.
   It insulates you from electricity.
   It lets you see invisible.
 P - an uncursed amulet of regeneration
 T - a +5 ring of strength (on tentacle)
 X - an amulet of clarity (around mantle)
Wands
 w - a wand of heal wounds (7)
 C - a wand of hasting (4)
 Z - a wand of digging (16)
Scrolls
 e - 16 scrolls of remove curse
 f - a scroll of holy word
 h - 6 scrolls of fear
 s - 3 scrolls of identify
 t - 8 scrolls of teleportation
 D - 4 scrolls of recharging
 E - 3 scrolls of blinking
 I - 2 scrolls of enchant weapon
 K - 4 scrolls of immolation
 M - 3 scrolls of magic mapping
 O - 6 scrolls of enchant armour
 Q - 5 scrolls of amnesia
 V - 2 scrolls of fog
Potions
 i - 3 potions of haste
 l - a potion of magic
 m - a potion of berserk rage
 n - 2 potions of resistance
 r - 5 potions of cure mutation
 v - 4 potions of heal wounds
 z - 4 potions of brilliance
 F - 4 potions of might
 G - a potion of beneficial mutation
 R - 10 potions of curing
 U - a potion of cancellation
Books
 o - a book of the Dragon

   Spells                             Type                      Level
   a - Flame Tongue                   Conjuration/Fire             1
   b - Cause Fear                     Hexes                        4
   c - Bolt of Fire                   Conjuration/Fire             6
   d - Dragon Form                    Transmutation                7
   e - Dragon's Call                  Summoning                    9
Comestibles
 c - 20 bread rations
 d - 15 meat rations
 x - 7 slices of pizza
 B - 36 fruits


   Skills:
 + Level 9.9(9.7) Fighting
 * Level 16.5(16.2) Dodging
 * Level 16.6(16.4) Unarmed Combat
 + Level 7.1(6.9) Spellcasting
 * Level 1.5(1.3) Summonings
 + Level 12.8(12.6) Transmutations
 * Level 11.9(11.7) Invocations


You couldn't memorise any spells.
You knew the following spells:

 Your Spells              Type           Power        Failure   Level  Hunger
a - Ice Form              Ice/Trmt       #####...     4%          4    ###....
b - Hydra Form            Trmt           ######....   4%          6    ######.
c - Spider Form           Trmt/Pois      ####......   1%          3    #......
d - Summon Hydra          Summ           ##........   100%        7    #######
e - Dragon Form           Trmt           ######....   26%         7    #######
f - Regeneration          Chrm/Necr      #.........   12%         3    #......


Dungeon Overview and Level Annotations

Branches:
Dungeon (15/15)            Temple (0/1) D:7            Lair (8/8) D:11
  Swamp (3/4) Lair:4       Spider (0/4) Lair:4        Slime (0/6) Lair:8
    Orc (4/4) D:12            Elf (2/3) Orc:4        Vaults (0/5) D:13
 Depths (0/5) D:15

Altars:
Cheibriados
Dithmenos
Elyvilon
Fedhas
Kikubaaqudgha
Makhleb
Nemelex Xobeh
Pakellas
Sif Muna
Trog
Vehumet
Xom
Yredelemnul
The Shining One
Beogh
Jiyva

Shops:
D:8 (   D:9 %}   Orc:1 *   Orc:2 =   Orc:4 (*}?   Elf:2 (

Portals:
Pandemonium: Orc:4

Annotations:
D:13 exclusion: downstairs
Lair:6 exclusion: downstairs
Elf:2 5 runed doors, 1 exclusion


Innate Abilities, Weirdness & Mutations

You cannot wear most types of armour.
You are amphibious.
You can wear up to eight rings at the same time.
You can use your tentacles to constrict eight enemies at once.
Your skin changes colour to match your surroundings (Stealth).
Your rubbery body absorbs attacks (AC +1).
You have a pair of antennae on your head.
You have very sharp teeth.
One of your tentacles bears a nasty spike.
You are partially covered in slimy green scales (AC +2).
You tend to lose your temper in combat.
You are robust (+10% HP).
You are weak. (Str -2)


Message History

You destroy the spectral snapping turtle!
You are engulfed in spectral mist.
* * * LOW HITPOINT WARNING * * *
The ghost crab closely misses you. x2
The spectral giant leech bites you!!
* * * LOW HITPOINT WARNING * * *
Read which item? (? for menu, Esc to quit)
Blink to where?
Press: ? - help, Dir - move target cursor You are very lightly contaminated with residual magic.
As you read the scroll of blinking, it crumbles to dust.
The ghost crab breathes ghostly flame at you.
The spectral mist engulfs you!
Read which item? (? for menu, Esc to quit)
As you read the scroll of teleportation, it crumbles to dust.
You feel strangely unstable.
You are engulfed in spectral mist.
Your transformation has ended.
Your uncursed staff of wizardry unmelds from your body.
You are engulfed in spectral mist.
You die...

♣♣≈≈≈..≈≈..≈ ♣≈.♣
♣♣≈.≈≈≈≈≈≈..< ≈..♣
♣...≈≈≈≈≈≈≈.. ♣ ♣..♣
♣.≈≈≈..≈≈≈... ♣. ♣..♣♣
♣♣≈≈≈.....≈[. ♣≈.♣..≈♣
♣≈...≈≈≈...≈≈ ♣.♣.≈.♣
♣♣≈≈..♣...♣.≈≈ ♣..§≈.♣
♣≈≈≈≈.♣♣♣♣♣≈≈≈ ♣.§§§@♣
♣♣.≈≈≈♣♣ ♣.≈≈ ♣
.♣..§§§♣♣♣♣.{≈≈≈♣ ♣♣..
♣.♣....§§§♣≈......♣♣♣♣♣♣♣≈
.♣..≈§§§.♣≈..≈.♣♣♣♣♣.≈...
♣
♣..§Z♣♣♣♣♣♣.....♣♣≈.≈≈≈..
♣. ♣♣.§..♣♣
♣♣..♣♣♣≈..≈≈≈≈≈
♣♣≈§♣.§.Z≈≈♣
♣≈♣♣♣≈≈≈≈≈≈≈≈≈
.♣.≈Z§ZtZ≈§♣ ♣♣♣
♣≈≈≈≈≈≈≈≈≈
§!≈≈§§.§≈≈§♣♣♣♣♣♣♣
♣≈≈..≈.≈.≈


You could see a ghost crab, a spectral giant leech, a spectral five-headed hydra
and a spectral swamp dragon.

Vanquished Creatures
  Frances (Swamp:1)
  A thorn hunter (Swamp:3)
  Roxanne (D:14)
  Nessos (Lair:7)
  3 deep elf annihilators
  A minotaur (Lab)
  Snorg (Lair:7)
  Josephine (D:11)
  4 vault guards (D:13)
  11 hydras
  A yaktaur captain (D:15)
  A catoblepas (D:15)
  An ogre mage (D:14)
  3 centaur warriors
  A dancing weapon (Elf:2)
  8 alligators
  An anaconda (Lair:5)
  2 tengu warriors
  A soul eater (Orc:4)
  7 orc high priests (Orc:4)
  4 deep elf knights
  2 sun demons
  An unseen horror (D:10)
  A spriggan druid (Swamp:2)
  A gelid demonspawn (Orc:4)
  4 shambling mangroves
  A deep elf summoner (Elf:2)
  2 swamp dragons (Swamp:1)
  A putrid demonspawn (Orc:4)
  An infernal demonspawn (Orc:4)
  3 small abominations
  2 hill giants
  5 orc knights
  2 wizards
  9 deep elf conjurers
  A lindwurm (Lair:7)
  A manticore (D:12)
  7 ugly things
  4 hornets (Swamp:2)
  6 orc sorcerers
  A sixfirhy (Orc:4)
  3 griffons
  2 cyclopes
  A toenail golem (Volcano)
  5 black mambas
  An orange demon (Abyss:1)
  13 elephants
  2 molten gargoyles (Volcano)
  3 torpor snails
  An ice statue (IceCv)
  27 spiny frogs
  2 gargoyles
  2 yaktaurs (D:13)
  2 centaur skeletons (D:15)
  A hellwing (Abyss:1)
  9 komodo dragons
  A troll (D:13)
  9 deep elf priests
  3 efreet
  A red devil (Volcano)
  2 polar bears (D:15)
  2 two-headed ogres
  4 tengu conjurers
  21 blink frogs
  4 bog bodies (Swamp:1)
  6 giant leeches
  8 slime creatures
  A trapdoor spider (shapeshifter) (Elf:2)
  Sigmund (D:4)
  3 trapdoor spiders
  4 wraiths (D:11)
  A shadow (D:12)
  A vampire (D:15)
  20 deep elf fighters
  12 deep elf magi
  2 wyverns
  2 steam dragons
  7 hippogriffs
  18 vampire mosquitoes
  6 basilisks
  71 yaks
  A human (D:10)
  A neqoxec (Orc:4)
  A soldier ant (D:12)
  20 insubstantial wisps
  12 porcupines
  A warg (Orc:1)
  19 wolves
  A hell hound (Volcano)
  16 ice beasts
  24 swamp worms
  19 water moccasins
  2 phantoms (D:9)
  8 wasps (Swamp:1)
  An eye of draining (shapeshifter) (D:14)
  4 swamp drakes
  6 sky beasts
  2 eyes of draining
  4 starcursed masses (Abyss:1)
  A black bear (D:11)
  37 orc warriors
  6 boggarts
  A necrophage (D:10)
  19 ogres
  8 centaurs
  16 crocodiles
  Blork the orc (D:5)
  34 giant frogs
  A big kobold (D:12)
  A killer bee (D:10)
  4 scorpions
  7 wights
  2 jellies
  A vampire bat (Lair:3)
  11 crimson imps
  3 centaur zombies
  A giant frog skeleton (D:7)
  6 hounds
  36 orc priests
  9 iguanas
  30 orc wizards
  Natasha (twice) (D:2)
  8 worker ants
  4 hell rats (Lair:5)
  34 sheep
  A killer bee zombie (D:7)
  2 hound skeletons
  18 adders
  6 gnolls
  67 river rats
  3 shadow imps
  9 oozes (Sewer)
  2 adder skeletons
  2 worms (D:3)
  20 giant geckos
  157 orcs
  10 ball pythons
  22 giant cockroaches
  4 goblins
  9 hobgoblins
  4 jackals
  4 quokkas
  18 bats
  A giant gecko zombie (D:5)
  11 giant newts
  A jackal skeleton (D:4)
  18 kobolds
  2 quokka skeletons (D:5)
  27 rats
  2 crawling corpses (Elf:2)
  2 fungi (Swamp:1)
1241 creatures vanquished.

Vanquished Creatures (collateral kills)
  Rupert (D:14)
  The ghost of emikaela the Grand Gadgeteer, a journeyman SpAr of Pakellas (Orc:4)
  Erica (D:10)
  A catoblepas (Lair:8)
  4 death yaks
  Sonja (D:14)
  A soul eater (Orc:4)
  An orc knight (Orc:2)
  7 elephants
  3 black mambas
  2 ice statues (IceCv)
  4 spiny frogs
  A gargoyle (D:14)
  A torpor snail (Lair:5)
  A komodo dragon (Lair:4)
  A troll (D:10)
  2 giant leeches (Lair:8)
  8 blink frogs
  A wraith (D:11)
  A deep elf mage (D:10)
  13 yaks
  2 hippogriffs (Lair:8)
  2 vampire mosquitoes
  3 wargs (Orc:1)
  A hungry ghost (D:8)
  A porcupine (Lair:7)
  5 wolves
  5 water moccasins
  A centaur (D:10)
  7 orc warriors
  A sky beast (D:11)
  A necrophage (D:8)
  2 ogres (D:14)
  5 giant frogs
  A crocodile (Lair:4)
  3 killer bees (D:10)
  2 wights (D:10)
  5 electric eels
  3 crimson imps (D:7)
  3 centaur skeletons
  An orc priest (D:7)
  A hound (D:10)
  2 iguanas
  Terence (D:2)
  12 sheep
  4 orc wizards
  6 river rats
  A shadow imp (D:10)
  A worm (D:2)
  17 orcs
  Natasha (D:2)
  2 hobgoblins (D:2)
  A bat (D:2)
  A giant newt (D:2)
  A rat (D:4)
  3 fungi
164 creatures vanquished.

Vanquished Creatures (others)
  A deep elf knight (Elf:2)
  An orc priest (Orc:1)
  2 orcs
  A quokka (D:3)
  A bush (Lair:8)
  45 fungi
  32 plants
83 creatures vanquished.

Grand Total: 1488 creatures vanquished

Notes
Turn   | Place    | Note
--------------------------------------------------------------
     0 | D:1      | AnCiEnTIStOnEIBeAsT the Octopode Transmuter began the quest for the Orb.
     0 | D:1      | Reached XP level 1. HP: 13/13 MP: 3/3
   234 | D:1      | Reached XP level 2. HP: 12/18 MP: 5/5
   307 | D:1      | Learned a level 2 spell: Sticks to Snakes
   809 | D:1      | Reached XP level 3. HP: 17/23 MP: 6/6
   814 | D:1      | Learned a level 3 spell: Spider Form
   918 | D:2      | Found a bloodstained altar of Trog.
  1203 | D:2      | Noticed Terence
  1228 | D:2      | Killed Terence
  1228 | D:2      | Reached XP level 4. HP: 20/28 MP: 1/7
  1317 | D:2      | Found a burning altar of Makhleb.
  1327 | D:2      | Became a worshipper of Makhleb the Destroyer
  1384 | D:2      | Noticed Natasha
  1398 | D:2      | Killed Natasha
  1398 | D:2      | Reached skill level 4 in Unarmed Combat
  1399 | D:2      | Noticed Natasha
  1404 | D:2      | Killed Natasha
  1409 | D:2      | Noticed Natasha
  1414 | D:2      | Killed Natasha
  2114 | D:2      | Reached XP level 5. HP: 30/33 MP: 4/8
  2146 | D:2      | Found a snail-covered altar of Cheibriados.
  2146 | D:2      | Found an ancient bone altar of Kikubaaqudgha.
  2148 | D:2      | Found a white marble altar of Elyvilon.
  2170 | D:3      | Reached * piety under Makhleb
  2643 | D:3      | Found a white marble altar of Elyvilon.
  2744 | D:3      | Reached ** piety under Makhleb
  3020 | D:4      | Reached skill level 1 in Invocations
  3020 | D:4      | Reached XP level 6. HP: 24/38 MP: 3/9
  3068 | D:4      | Noticed Sigmund
  3393 | D:4      | Found a glowing drain.
  3409 | Sewer    | Entered a sewer
  3698 | Sewer    | Reached *** piety under Makhleb
  3896 | Sewer    | Reached XP level 7. HP: 43/43 MP: 10/10
  3934 | Sewer    | Reached skill level 5 in Dodging
  3968 | D:4      | Reached **** piety under Makhleb
  4048 | D:4      | Found a sparkling altar of Nemelex Xobeh.
  4336 | D:4      | Killed Sigmund
  4336 | D:4      | Reached skill level 5 in Unarmed Combat
  4421 | D:4      | Reached skill level 6 in Dodging
  4462 | D:4      | Reached XP level 8. HP: 41/48 MP: 11/11
  4730 | D:5      | Entered Level 5 of the Dungeon
  4879 | D:5      | Noticed Blork the orc
  4890 | D:5      | Killed Blork the orc
  5075 | D:5      | Learned a level 4 spell: Ice Form
  5258 | D:5      | Reached ***** piety under Makhleb
  5258 | D:5      | Reached skill level 7 in Dodging
  5596 | D:6      | Got a pitted copper ring
  5597 | D:6      | Identified the ring of Linearity {Fire rElec Int+7 Slay-2 SInv} (You found it on level 6 of the Dungeon)
  5792 | D:6      | Reached skill level 5 in Transmutations
  6072 | D:6      | Found a shimmering altar of Xom.
  6124 | D:7      | Found a white marble altar of Elyvilon.
  6301 | D:7      | Gained mutation: You have very sharp teeth. [mutagenic meat]
  6302 | D:7      | Gained mutation: Your spells are a little easier to cast, but a little less powerful. [mutagenic meat]
  6303 | D:7      | Gained mutation: You are dopey. (Int -2) [mutagenic meat]
  6304 | D:7      | Gained mutation: Scrolls take you a little longer to read. [mutagenic meat]
  6415 | D:7      | Noticed a hellwing
  6421 | D:7      | Reached XP level 9. HP: 17/53 MP: 9/12
  6706 | D:7      | Found a staircase to the Ecumenical Temple.
  7487 | D:7      | Reached skill level 8 in Dodging
  7852 | D:8      | Found Ezxif's Weapon Boutique.
  7981 | D:8      | Found a basalt altar of Yredelemnul.
  8193 | D:8      | Found a glowing golden altar of the Shining One.
  8386 | D:8      | Noticed an angel
  8471 | D:9      | Gained mutation: You are frail (-10% HP). [potion of mutation]
  8471 | D:9      | Gained mutation: One of your tentacles bears a spike. [potion of mutation]
  8471 | D:9      | Lost mutation: You are dopey. (Int -2) [potion of mutation]
  8472 | D:9      | Gained mutation: You have a pair of small antennae on your head. [potion of mutation]
  8472 | D:9      | Gained mutation: You are agile. (Dex +2) [potion of mutation]
  8541 | D:9      | Lost mutation: You are frail (-10% HP). [mutagenic meat]
  8549 | D:9      | Lost mutation: You are agile. (Dex +2) [mutagenic meat]
  8550 | D:9      | Gained mutation: You have a pair of antennae on your head. [mutagenic meat]
  8616 | D:9      | Reached skill level 5 in Invocations
  8664 | D:9      | Reached skill level 9 in Dodging
  8689 | D:9      | Found Lalic's Gadget Shop.
  8696 | D:9      | Found Paiwn's Food Shop.
  8758 | D:9      | Reached XP level 10. HP: 47/61 MP: 14/14
  8941 | D:9      | Found a deep blue altar of Sif Muna.
  8986 | D:9      | Identified Sif Muna's Volume of Enchantment
  9124 | D:10     | Entered Level 10 of the Dungeon
  9402 | D:10     | Killed an unseen horror
  9796 | D:10     | Reached skill level 10 in Dodging
 10185 | D:10     | Noticed Erica
 10191 | D:10     | Killed Erica
 10907 | D:10     | Reached XP level 11. HP: 67/67 MP: 17/17
 11018 | D:11     | Found a frozen archway.
 11074 | IceCv    | Entered an ice cave
 11542 | D:11     | Found a staircase to the Lair.
 11642 | D:11     | Gained mutation: You are weak. (Str -2) [mutagenic meat]
 11644 | D:11     | Gained mutation: You are partially covered in slimy green scales (AC +2). [mutagenic meat]
 11736 | D:11     | Reached skill level 11 in Dodging
 11884 | D:11     | Noticed Josephine
 11920 | D:11     | Killed Josephine
 12573 | Lair:1   | Entered Level 1 of the Lair of Beasts
 12713 | Lair:1   | Found a dark tunnel.
 12779 | Volcano  | Entered a volcano
 12979 | Volcano  | Found a bloodstained altar of Trog.
 12979 | Volcano  | Noticed a sun demon
 13001 | Volcano  | Killed a sun demon
 13024 | Volcano  | Reached XP level 12. HP: 76/76 MP: 18/18
 13158 | Volcano  | Reached skill level 5 in Fighting
 13595 | Lair:1   | Reached skill level 10 in Unarmed Combat
 14241 | Lair:2   | Reached ****** piety under Makhleb
 15038 | Lair:3   | Reached skill level 12 in Dodging
 15242 | Lair:3   | Reached skill level 10 in Transmutations
 16542 | Lair:4   | Reached XP level 13. HP: 65/83 MP: 19/19
 16684 | Lair:4   | Found a runed door.
 17200 | Lair:4   | Found a staircase to the Swamp.
 17452 | Lair:4   | Reached skill level 13 in Dodging
 17487 | Lair:4   | Found a hole to the Spider Nest.
 18720 | Lair:5   | HP: 1/86 [torpor snail (23)]
 19829 | Lair:6   | Reached XP level 14. HP: 70/92 MP: 20/20
 20781 | Lair:7   | Got a shimmering war axe
 21023 | Lair:7   | Noticed Snorg
 21166 | Lair:7   | Killed Snorg
 21552 | Lair:7   | Noticed Nessos
 21841 | Lair:7   | Killed Nessos
 22214 | Lair:8   | Entered Level 8 of the Lair of Beasts
 23087 | Lair:8   | Reached skill level 14 in Dodging
 23088 | Lair:8   | Found a staircase to the Slime Pits.
 23110 | Lair:8   | Found a viscous altar of Jiyva.
 23478 | Lair:8   | Reached XP level 15. HP: 86/100 MP: 22/22
 24158 | D:12     | Found a labyrinth entrance.
 24158 | D:12     | Found a staircase to the Orcish Mines.
 24162 | Lab      | Entered a labyrinth
 24240 | Lab      | Identified the Compendium of Flames (You found it in a labyrinth)
 24263 | Lab      | Learned a level 6 spell: Hydra Form
 24271 | Lab      | Learned a level 7 spell: Summon Hydra
 24301 | Lab      | Got an ancient broad axe
 24302 | Lab      | Identified the +4 broad axe "Bubiwir" {chop, rC+} (You found it in a labyrinth)
 24389 | D:12     | Found a roughly hewn altar of Beogh.
 24420 | Orc:1    | Entered Level 1 of the Orcish Mines
 24540 | Orc:2    | Found Uwniecw's Jewellery Emporium.
 24576 | Orc:2    | Bought the ring "Zeesikeo" {rF+ rN+ Int+3} for 604 gold pieces
 24591 | Orc:2    | Found a radiant altar of Vehumet.
 24962 | Orc:1    | Found Tekkaer's Assorted Antiques.
 25485 | Orc:1    | Bought a leatherbound book for 480 gold pieces
 26027 | Orc:4    | Entered Level 4 of the Orcish Mines
 26192 | Orc:4    | Found a staircase to the Elven Halls.
 26218 | Orc:4    | Noticed emikaela's ghost (journeyman SpAr)
 26230 | Orc:4    | Killed emikaela's ghost
 26689 | Orc:4    | Found Tihuclick's General Store.
 26722 | Orc:4    | Found Xeozyrgho's Magic Scroll Shop.
 26911 | Orc:4    | Bought a scroll of amnesia for 56 gold pieces
 27263 | Orc:4    | Cast into level 1 of the Abyss (orc warrior)
 27330 | Abyss:1  | Found an ancient bone altar of Kikubaaqudgha.
 27347 | Orc:4    | Escaped the Abyss
 27388 | Orc:4    | Reached skill level 10 in Invocations
 27655 | Orc:4    | Reached skill level 5 in Spellcasting
 27700 | Orc:4    | Found Ilokhoni's Gadget Emporium.
 27700 | Orc:4    | Found Jeariu's Antique Weapon Shoppe.
 27700 | Orc:4    | Found a one-way gate leading to the halls of Pandemonium.
 27738 | Orc:4    | Bought a potion of heal wounds for 60 gold pieces
 27738 | Orc:4    | Bought a potion of curing for 36 gold pieces
 27740 | Orc:4    | Bought a scroll of teleportation for 48 gold pieces
 27740 | Orc:4    | Bought a scroll of teleportation for 48 gold pieces
 27740 | Orc:4    | Bought a scroll of teleportation for 48 gold pieces
 27740 | Orc:4    | Bought a scroll of identify for 32 gold pieces
 27948 | D:12     | Gained mutation: Your body sometimes deteriorates upon taking damage. [mutagenic meat]
 27949 | D:12     | Lost mutation: Your spells are a little easier to cast, but a little less powerful. [mutagenic meat]
 27974 | D:12     | Reached skill level 15 in Unarmed Combat
 28394 | D:12     | Found a shadowy altar of Dithmenos.
 28617 | D:12     | Identified a scroll of acquirement
 28675 | D:13     | Reached XP level 16. HP: 108/108 MP: 24/24
 28977 | D:13     | Found a gate to the Vaults.
 28983 | D:13     | Reached skill level 15 in Dodging
 29336 | D:14     | Noticed Roxanne
 29460 | D:14     | Noticed Sonja
 29471 | D:14     | Killed Sonja
 29610 | D:14     | Noticed Rupert
 29616 | D:14     | Killed Rupert
 29665 | D:14     | Killed Roxanne
 29672 | D:14     | Identified Roxanne's Compendium of Dusty Moulding (You took it off Roxanne on level 14 of the Dungeon)
 29785 | D:14     | Found a blossoming altar of Fedhas.
 29841 | D:14     | Found an oddly glowing altar of Pakellas.
 30181 | D:15     | Entered Level 15 of the Dungeon
 30304 | D:15     | Learned a level 7 spell: Dragon Form
 30314 | D:15     | Found a bloodstained altar of Trog.
 30414 | D:15     | Gained mutation: One of your tentacles bears a nasty spike. [mutagenic meat]
 30417 | D:15     | Lost mutation: Your body sometimes deteriorates upon taking damage. [mutagenic meat]
 30418 | D:15     | Lost mutation: Scrolls take you a little longer to read. [mutagenic meat]
 30421 | D:15     | Gained mutation: You tend to lose your temper in combat. [mutagenic meat]
 30422 | D:15     | Gained mutation: You are robust (+10% HP). [mutagenic meat]
 30591 | D:15     | Found a staircase to the Depths.
 31363 | Elf:1    | Entered Level 1 of the Elven Halls
 32369 | Elf:2    | Found Sahil's Weapon Shoppe.
 32607 | Elf:2    | Reached XP level 17. HP: 124/124 MP: 26/26
 32663 | Elf:2    | Reached skill level 16 in Unarmed Combat
 32986 | Elf:2    | Found a huge runed gate.
 32987 | Elf:2    | Found a huge runed gate.
 32989 | Elf:2    | Found a huge runed gate.
 32989 | Elf:2    | Found a huge runed gate.
 32989 | Elf:2    | Found a huge runed gate.
 33375 | Swamp:1  | Entered Level 1 of the Swamp
 33523 | Swamp:1  | Noticed Frances
 33532 | Swamp:1  | Killed Frances
 33844 | Swamp:1  | Got a ring of the Octopus King
 33848 | Swamp:1  | Identified a ring of the Octopus King {AC+1 EV+1 Str+1 Int+1 Dex+1 SInv} (You found it on level 1 of the Swamp)
 34266 | Swamp:2  | Learned a level 3 spell: Regeneration
 34712 | Swamp:3  | Reached skill level 1 in Summonings
 34968 | Swamp:3  | HP: 8/162 [spectral giant leech[a ghost crab] (21)]
 34971 | Swamp:3  | Engulfed by a ghost crab's spectral mist

Vault maps used:
D:1:      zelgadis_glass_arrival_large
D:2:      lemuel_crystal_altar, gammafunk_temple_overflow_claw,
          serial_bayou_pond_c, trog_three_pillars_becter, uniq_natasha,
          uniq_terence
D:3:      elyvilon_altar_4
D:4:      nicolae_overflow_crystal_walls, first_bread, portal_sewer_entry_a,
          uniq_sigmund
D:5:      uniq_blork_the_orc
D:6:      basic_altar
D:7:      lemuel_ice_spiral_2, minmay_temple_entry_enclosed_plants, basic_altar
D:8:      grunt_temple_overflow_holy_war, serial_shops,
          nicolae_shop_temple_entry_statues_fountains
D:9:      led_sif_book, serial_shops, shop, nicolae_shop_trees
D:10:     grunt_livestock, uniq_erica
D:11:     grunt_lair_entry_elf_guard_hut, portal_ice_cave_entry_ice_beasts,
          uniq_josephine
D:12:     minmay_orc_entry_temple_small, lab_entry_generic,
          nicolae_dithmenos_through_a_glass_darkly
D:13:     grunt_vaults_entry_fortified
D:14:     fedhas_altar_4, grunt_pakellas_sulfur, uniq_sonja, uniq_roxanne,
          uniq_rupert
D:15:     grunt_enter_depths_snipers, minmay_crystal_room,
          minmay_misc_feat_diagonals, eino_small_chamber_without_monster,
          trog_ov_bears_minmay
Lair:1:   forest_paths, enter_volcano_4
Lair:3:   roderic_batcave, bobbens_dragon_lair_wall, serial_bayou_shore_a,
          lemuel_fruit_fields
Lair:4:   swamp_mist, dummy_spider_entry, pf_torpor_hydra
Lair:5:   beast_lair_carwin_large_4
Lair:6:   serial_bayou_shore_b
Lair:7:   serial_bayou_shore_b, uniq_snorg, uniq_nessos
Lair:8:   minmay_lair_end_frog_pond, slime_altar_1
Swamp:1:  nicolae_swamp_fairy_circle, uniq_frances
Swamp:2:  infiniplex_staircase_pool_2
Swamp:3:  hangedman_swamp_lotus
Orc:1:    serial_shops, nicolae_shop_stone, nooodl_orcs_dogs
Orc:2:    basic_altar, serial_shops, shop, sword_in_stone
Orc:3:    nicolae_orc_pool_cavern
Orc:4:    pf_orc_diabolical
Elf:1:    elf_arrival_002, hangedman_elf_disciples
Elf:2:    serial_shops, nicolae_shop_stone, uniq_louise
Abyss:1:  hangedman_shadowy_showcase
Lab:      nicolae_lab_dead_adventurers, lab_fountain, nicolae_lab_swirl,
          nicolae_lab_very_dead_end, nicolae_lab_flowing_pool,
          nicolae_lab_garden, labyrinth_skeletal_remains, nicolae_lab_do_over,
          nicolae_lab_grate_2, nicolae_lab_quarters, labyrinth_glass_1,
          nicolae_lab_arrow, nicolae_lab_starburst, lab_hedge
Sewer:    sewer_frog_island_02
IceCv:    ice_cave_statue_garden_02
Volcano:  volcano_lake

Action                   |  1- 3 |  4- 6 |  7- 9 | 10-12 | 13-15 | 16-18 || total
-------------------------+-------+-------+-------+-------+-------+-------++-------
Melee: Unarmed           |    70 |   256 |   277 |   725 |  1561 |   730 ||  3619
       Scythe            |       |       |    41 |       |       |       ||    41
       Staff             |       |       |    34 |    36 |    31 |    81 ||   182
 Fire: Blowgun           |       |       |    16 |     3 |       |       ||    19
 Cast: Sticks to Snakes  |     4 |    17 |    15 |     2 |     4 |       ||    42
       Beastly Appendage |     1 |     9 |     1 |       |       |       ||    11
       Spider Form       |       |     4 |    51 |    47 |    74 |    16 ||   192
       Ice Form          |       |       |       |    56 |    45 |     2 ||   103
       Hydra Form        |       |       |       |       |    68 |    56 ||   124
Invok: Lesser Servant of |       |       |     8 |    27 |    63 |     2 ||   100
       Greater Servant o |       |       |       |       |     1 |     2 ||     3
 Abil: End Transformatio |       |       |       |     1 |     8 |     7 ||    16
Evoke: Wand              |       |       |       |     3 |     2 |       ||     5
  Use: Scroll            |       |    10 |     8 |     9 |     7 |     9 ||    43
       Potion            |       |       |     4 |     2 |     1 |     1 ||     8
 Stab: Sleeping          |     2 |    16 |    13 |     4 |     5 |     3 ||    43
       Distracted        |       |     1 |     5 |     5 |    27 |     1 ||    39
  Eat: Chunk             |     1 |    11 |    29 |    33 |    40 |     9 ||   123
       Beef jerky        |       |       |     2 |     5 |     1 |     3 ||    11
       Royal jelly       |       |       |       |     1 |     1 |       ||     2
       Pizza             |       |       |       |     1 |     2 |     3 ||     6
